 Dungeon Crawl Stone Soup version 0.28-a0-239-g68911e0c57 (webtiles) character file.

Game seed: 14897638651208324716

809 rabbitsville the Spear-Bearer (level 7, -3/54 HPs)
             Began as a Merfolk Gladiator on Aug 23, 2021.
             Was a Follower of Ashenzari.
             Slain by a yak (10 damage)
             ... on level 6 of the Dungeon.
             The game lasted 00:35:25 (4547 turns).

rabbitsville the Spear-Bearer (Merfolk Gladiator)   Turns: 4547, Time: 00:35:25

Health: -3/54      AC:  6    Str: 16    XL:     7   Next: 92%
Magic:  7/7        EV: 13    Int:  7    God:    Ashenzari [*.....]
Gold:   176        SH:  5    Dex: 16    Spells: 6/6 levels left

rFire   . . .      SeeInvis .   a - +0 trident "At What Cost Knowledge?" {Range, Melee} (curse)
rCold   . . .      Faith    .   (no shield)
rNeg    . . .      Spirit   .   f - +0 ring mail
rPois   .          Reflect  +   c - +0 helmet
rElec   .          Harm     .   (no cloak)
rCorr   .          Rampage  .   (no gloves)
Will    .....                   (no boots)
Stlth   +.........              n - amulet of the Shackled Optimism {Reflect SH+5, Elem, Cun} (curse)
HPRegen 0.18/turn               (no ring)
MPRegen 0.10/turn               (no ring)

@: no status effects
A: (nimble swimmer 2), mertail
a: Renounce Religion, Shatter the Chains


You were on level 6 of the Dungeon.
You worshipped Ashenzari.
Ashenzari was aware of your devotion.
You visited 1 branch of the dungeon, and saw 6 of its levels.

You collected 176 gold pieces.

Inventory:

Hand Weapons
 a - the cursed +0 trident "At What Cost Knowledge?" (weapon) {Range, Melee}

   It has a curse which improves the following skills: Ranged Combat: Slings,
   Bows, Crossbows and Throwing.
   Melee Combat: Short Blades, Long Blades, Axes, Maces & Flails, Polearms,
   Staves and Unarmed Combat.
Missiles
 d - 6 throwing nets
 m - a javelin
 p - 14 poisoned darts (quivered)
Armour
 b - a +0 leather armour
 c - a +0 helmet (worn)
 f - a +0 ring mail (worn)
Jewellery
 n - the cursed amulet of the Shackled Optimism (around neck) {Reflect SH+5, Elem, Cun}
   (You found it on level 3 of the Dungeon)

   [amulet of reflection]

   It reflects blocked missile attacks.
   SH:        It affects your SH (+5).
   It has a curse which improves the following skills: Elements: Fire Magic, Ice
   Magic, Air Magic and Earth Magic.
   Cunning:   Dodging and Stealth.
 t - an amulet of guardian spirit
Wands
 v - a wand of iceblast (7)
Scrolls
 h - 2 scrolls of noise
 k - a scroll of magic mapping
 o - a scroll of amnesia
 r - 2 scrolls of enchant weapon
 u - a scroll of holy word
Potions
 e - a potion of curing
 i - a potion of brilliance
 j - a potion of cancellation
 l - a potion of flight
 q - 2 potions of attraction
 s - a potion of invisibility


   Skills:
 - Level 4.1 Fighting
 * Level 9.7(10.7) Polearms
 + Level 4.6(5.6) Throwing
 - Level 4.0(4.9) Dodging
 + Level 2.6(3.5) Ice Magic


You had 6 spell levels left.
You didn't know any spells.
Your spell library contained the following spells:

 Spells                   Type           Power      Damage    Failure   Level
 Beastly Appendage        Tmut           0%         N/A       65%         1
 Foxfire                  Conj/Fire      0%         2x1d4     65%         1
 Wereblood                Tmut           0%         N/A       80%         2
 Conjure Flame            Conj/Fire      0%         6-21      95%         3
 Inner Flame              Hex/Fire       0%         N/A       95%         3
 Spider Form              Tmut/Pois      0%         N/A       95%         3


Dungeon Overview and Level Annotations

Branches:
Dungeon (6/15)
 Temple: D:4-7

Altars:
Ashenzari
Fedhas
Gozag
Hepliaklqana

Annotations:
D:5 1 runed translucent door, runemasterragnar's ghost, novice NaWz


Innate Abilities, Weirdness & Mutations

((You are quick and stealthy near water. (Stealth+, EV+, Speed+++)))
Your lower body shifts to a powerful aquatic tail in water.


Message History

Reach: a) +0 trident "At What Cost Knowledge?" {Range, Melee} (curse)
Press: ? - help, Dir - move target, f - yak
Aim: a yak (about 24% to evade the cursed +0 trident "At What Cost Knowledge?")
The yak is in the way.
You hit the yak but do no damage. The yak gores you!
Okay, then.
You feel better. You block the yak's attack.
You puncture the yak!
The yak is moderately wounded.
The yak misses you.
You hit the yak but do no damage.
The yak is moderately wounded.
You block the yak's attack.
You closely miss the yak.
The yak is moderately wounded.
You hit the yak but do no damage.
The yak is moderately wounded.
The yak gores you!
You barely miss the yak.
The yak is moderately wounded.
The yak gores you.
* * * LOW HITPOINT WARNING * * *
You hit the yak.
The yak is moderately wounded.
You block the yak's attack.
You hit the yak.
The yak is heavily wounded.
The yak closely misses you.
You barely miss the yak.
The yak is heavily wounded.
You hit the yak.
The yak is severely wounded.
The yak gores you!
* * * LOW HITPOINT WARNING * * *
You feel better. The yak barely misses you.
You puncture the yak!
The yak is almost dead.
The yak gores you!
* * * LOW HITPOINT WARNING * * *
You feel better. The yak gores you!
You die...

.)(.##.#...#))
....##.#._.#.) ....
#.#...#.# #... #.##.##..
|.# #..#.#... #.###
##.#.#...
##....####..#.#.##
#<.##.......#'#.#
#@########......# #Y#
###.#......
#######Y######...#######
#....#.g##.....###
#....#....g#####
#......##### #....###
#....# ######


You could see 2 yaks and a gnoll.

Vanquished Creatures
  A sky beast (D:6)
  A black bear (D:5)
  2 ogres
  A kobold brigand (D:4)
  A scorpion (D:4)
  3 orc priests
  2 orc wizards
  A killer bee zombie (D:4)
  7 gnolls (D:5)
  2 adders
  An ufetubus (D:6)
  3 dart slugs
  14 orcs
  5 ball pythons
  3 endoplasms
  2 giant cockroaches (D:4)
  4 goblins
  9 hobgoblins
  6 jackals
  2 quokkas
  2 bats
  7 kobolds
  3 rats
82 creatures vanquished.

Vanquished Creatures (others)
  7 fungi (D:5)
  9 plants (D:5)
  2 withered plants (D:5)
18 creatures vanquished.

Grand Total: 100 creatures vanquished

Notes
Turn   | Place    | Note
-------+----------+-------------------------------------------
     0 | D:1      | rabbitsville the Merfolk Gladiator began the quest for the
                  | Orb.
     0 | D:1      | Reached XP level 1. HP: 16/16 MP: 1/1
   201 | D:1      | Reached XP level 2. HP: 23/23 MP: 2/2
   417 | D:1      | Found a faded altar of an unknown god.
   433 | D:1      | Became a worshipper of Ashenzari the Shackled
   479 | D:1      | Reached skill level 5 in Polearms
  1150 | D:2      | Reached XP level 3. HP: 28/28 MP: 3/3
  2041 | D:3      | Found an opulent altar of Gozag.
  2061 | D:3      | Reached skill level 6 in Polearms
  2061 | D:3      | Reached XP level 4. HP: 35/35 MP: 4/4
  2431 | D:3      | Found a broken altar of Ashenzari.
  2501 | D:4      | Noticed a scorpion
  2516 | D:4      | Killed a scorpion
  2517 | D:4      | Reached XP level 5. HP: 33/41 MP: 5/5
  2549 | D:4      | Reached skill level 7 in Polearms
  2644 | D:4      | Noticed a kobold brigand
  2660 | D:4      | Killed a kobold brigand
  2661 | D:4      | Reached XP level 6. HP: 40/48 MP: 6/6
  3064 | D:4      | Reached skill level 8 in Polearms
  3128 | D:4      | Reached * piety under Ashenzari
  3198 | D:5      | Entered Level 5 of the Dungeon
  3223 | D:5      | Reached skill level 1 in Ice Magic
  3223 | D:5      | Reached XP level 7. HP: 54/54 MP: 7/7
  3445 | D:5      | Noticed a yak
  3446 | D:5      | Noticed a yak
  3447 | D:5      | Noticed a yak
  3447 | D:5      | Noticed a yak
  3492 | D:5      | Found a runed translucent door.
  3492 | D:5      | Noticed runemasterragnar's ghost (novice NaWz)
  3716 | D:5      | Found a blossoming altar of Fedhas.
  3868 | D:5      | Reached skill level 9 in Polearms
  4416 | D:6      | Noticed a two-headed ogre
  4453 | D:6      | Found a hazy altar of Hepliaklqana.
  4486 | D:6      | Noticed a six-headed hydra
  4490 | D:6      | Identified the +1 ring mail "Wadd" {rF+ Will+}
  4546 | D:6      | HP: 1/54 [yak (13)]
  4547 | D:6      | Slain by a yak

Illustrated notes

Levels and vault maps discovered:
D:1:      nzn_arrival_settlement, layout_rooms, chequers_ecumenical_altar_grove,
          minmay_misc_feat_square, hangedman_glass_teeth
D:2:      layout_basic
D:3:      layout_rooms, nicolae_gozag_cash_rules_everything_around_me,
          general_overflow_altar, dk_noncrumbling_3
D:4:      layout_rooms
D:5:      layout_loops_ring, fedhas_altar_3, gammafunk_ghost_grave,
          serial_park_tiny_pond
D:6:      layout_rooms, mainiacjoe_overflow_surrounded_room,
          minmay_temple_entry_statues_fountains, minmay_manual_mail

Skill      XL: |  1  2  3  4  5  6  7 |
---------------+----------------------+-----
Polearms       | 5 6 7 8 9 |  9.7
Fighting       | 3 4 |  4.1
Throwing       | 3 4 |  4.6
Ice Magic      | 1 2 |  2.6
Dodging        | |  4.0

Action                   |  1- 3 |  4- 6 |  7- 9 || total
-------------------------+-------+-------+-------++-------
Melee: Trident           |    91 |   118 |   159 ||   368
Throw: Javelin           |     3 |     2 |       ||     5
       Dart              |       |     7 |    14 ||    21
Invok: Curse Item        |     1 |     1 |       ||     2
  Use: Potion            |       |       |     6 ||     6
       Scroll            |       |       |     4 ||     4
Armor: Ring mail         |    18 |    19 |    27 ||    64
Dodge: Dodged            |    38 |    43 |    70 ||   151
Block: Other             |     1 |    17 |    28 ||    46
       Reflection        |       |       |     2 ||     2

Table legend: (Time is in decaauts)
 A = Elapsed time spent in this place.
 B = Non-inter-level travel time spent in this place.
 C = Inter-level travel time spent in this place.
 D = Time resting spent in this place.
 E = Time spent auto-exploring this place.
 F = Levels seen in this place.
 G = Mean time per level.
                   A        B        C        D        E       F      G
               +--------+--------+--------+--------+--------+-----+--------+
         Total |   4508 |   4391 |    117 |    662 |   1435 |   6 |  751.3 |
       Dungeon |   4508 |   4391 |    117 |    662 |   1435 |   6 |  751.3 |
               +--------+--------+--------+--------+--------+-----+--------+

Top non-repeatable levels by time:
     D:2: 1110 daAuts
     D:4: 875 daAuts
     D:1: 755 daAuts
     D:3: 632 daAuts
     D:6: 599 daAuts
     D:5: 534 daAuts
